 Dungeon Crawl Stone Soup version 0.22-a0-512-g0943f25 (webtiles) character file.

30565 Laiders72 the Thaumaturge (level 13, -3/98 HPs)
             Began as a Gnoll Wizard on June 17, 2018.
             Was an Elder of Sif Muna.
             Killed by divine providence
             ... invoked by a meliai
              (15 damage)
             ... on level 14 of the Dungeon on June 19, 2018.
             The game lasted 01:20:53 (24179 turns).

Laiders72 the Thaumaturge (Gnoll Wizard)           Turns: 24179, Time: 01:20:54

Health: -3/98      AC:  9    Str: 10    XL:     13   Next: 52%
Magic:  14/27      EV: 23    Int: 25    God:    Sif Muna [****..]
Gold:   903        SH: 12    Dex: 14    Spells: 5/33 levels left

rFire    + . .     SeeInvis .   L - staff of conjuration
rCold    + . .     Gourm    .   I - +0 buckler
rNeg     . . .     Faith    .   R - +2 robe {rC+ rF+}
rPois    .         Spirit   .   b - +1 hat
rElec    .         Reflect  +   F - +1 cloak
rCorr    +         Harm     .   N - +0 pair of gloves
MR       .....                  (no boots)
Stlth    ++++......             g - +6 amulet of reflection
HPRegen  0.26/turn              h - +5 ring of evasion
MPRegen  0.20/turn              v - ring of resist corrosion

@: divine energy
A: distributed training, fangs 1, strong nose
a: Stop Divine Energy, Channel Magic, Forget Spell, Renounce Religion


You were on level 14 of the Dungeon.
You worshipped Sif Muna.
Sif Muna was greatly pleased with you.
You were not hungry.

You visited 2 branches of the dungeon, and saw 15 of its levels.
You also visited: Sewer.

You collected 903 gold pieces.

Inventory:

Hand Weapons
 a - a +1 short sword of electrocution
Armour
 b - a +1 hat (worn)
 F - a +1 cloak (worn)
 G - the +2 robe of Leapfrog {rN+ Dex+2}
   (You found it on level 4 of the Dungeon)

   It affects your dexterity (+2).
   It protects you from negative energy.
 I - a +0 buckler (worn)
 N - a +0 pair of gloves (worn)
 R - a +2 robe of resistance (worn)
Magical Staves
 e - an uncursed staff of cold
 L - an uncursed staff of conjuration (weapon)
 S - an uncursed staff of wizardry
Jewellery
 g - a +6 amulet of reflection (around neck)
 h - a +5 ring of evasion (left hand)
 u - an uncursed amulet of magic regeneration
 v - a ring of resist corrosion (right hand)
 J - an uncursed amulet of faith
 P - an uncursed ring of protection from cold
Wands
 p - a wand of polymorph (77)
 q - a wand of clouds (7)
 E - a wand of flame (85)
 O - a wand of acid (25)
Scrolls
 c - 2 scrolls of magic mapping
 k - 5 scrolls of amnesia
 m - 2 scrolls of enchant armour
 o - 4 scrolls of enchant weapon
 r - a scroll of immolation
 t - 2 scrolls of blinking
 y - 3 scrolls of teleportation
 z - 5 scrolls of fear
 C - 5 scrolls of remove curse
 Q - 2 scrolls of fog {unknown}
 T - a scroll of identify
Potions
 f - 3 potions of lignification
 i - 3 potions of invisibility
 j - 2 potions of cancellation
 l - 2 potions of might
 n - 2 potions of berserk rage
 w - 2 potions of magic
 x - 10 potions of curing
 A - 2 potions of flight
 B - 3 potions of brilliance
 D - 2 potions of mutation
 H - 2 potions of ambrosia
 K - a potion of degeneration {unknown}
 M - a potion of haste {unknown}
Comestibles
 d - 28 rations


   Skills:
 + Level 8.2 Fighting
 + Level 8.2 Short Blades
 + Level 8.2 Long Blades
 + Level 8.2 Axes
 + Level 8.2 Maces & Flails
 + Level 8.2 Polearms
 + Level 8.2 Staves
 + Level 8.2 Slings
 + Level 8.2 Bows
 + Level 8.2 Crossbows
 + Level 8.2 Throwing
 + Level 8.2 Armour
 + Level 9.4 Dodging
 + Level 9.3 Stealth
 + Level 8.2 Shields
 + Level 8.2 Unarmed Combat
 + Level 10.8 Spellcasting
 + Level 7.2 Conjurations
 + Level 6.8 Hexes
 + Level 6.8 Charms
 + Level 7.2 Summonings
 + Level 6.8 Necromancy
 + Level 7.2 Translocations
 + Level 6.8 Transmutations
 + Level 6.8 Fire Magic
 + Level 6.8 Ice Magic
 + Level 6.8 Air Magic
 + Level 6.8 Earth Magic
 + Level 6.8 Poison Magic
 + Level 9.0 Invocations
 + Level 8.2 Evocations


You had 5 spell levels left.
You knew the following spells:

 Your Spells              Type           Power        Failure   Level  Hunger
a - Magic Dart            Conj           ####         1%          1    None
b - Blink                 Tloc           N/A          1%          2    None
c - Call Imp              Summ           #####...     1%          2    None
d - Conjure Flame         Conj/Fire      ######..     1%          3    None
e - Mephitic Cloud        Conj/Pois/Air  ######..     1%          3    None
f - Throw Flame           Conj/Fire      ######       1%          2    None
g - Sticky Flame          Conj/Fire      ######..     2%          4    None
h - Summon Small Mammal   Summ           ####         1%          1    None
i - Fireball              Conj/Fire      ######....   7%          5    ####...
j - Irradiate             Conj/Tmut      ######....   7%          5    ####...

Your spell library contained the following spells:

 Spells                   Type           Power        Failure   Level  Hunger
 Apportation              Tloc           #####.       1%          1    None
 Slow                     Hex            #####...     1%          2    None
 Animate Skeleton         Necr           N/A          1%          1    None
 Statue Form              Tmut/Erth      #####....    38%         6    #####..
 Dragon Form              Tmut           #####.....   93%         7    #######
 Confusing Touch          Hex            #####.       1%          1    None
 Flame Tongue             Conj/Fire      #####        1%          1    None
 Inner Flame              Hex/Fire       #####...     1%          3    None
 Hydra Form               Tmut           #####.....   38%         6    #####..


Dungeon Overview and Level Annotations

Branches:
Dungeon (14/15)            Temple (1/1) D:7            Lair (0/6) D:9
    Orc (0/2) D:10         Vaults (0/5) D:13

Altars:
Ashenzari
Cheibriados
Dithmenos
Elyvilon
Fedhas
Gozag
Hepliaklqana
Kikubaaqudgha
Makhleb
Nemelex Xobeh
Okawaru
Qazlal
Ru
Sif Muna
Trog
Uskayaw
Vehumet
Wu Jian
Xom
Yredelemnul
Zin
The Shining One
Beogh

Shops:
D:8 }

Portals:
Trove: D:11 (give +3 shadow dragon scales)

Annotations:
D:7 2 transporters
D:12 3 runed doors, Qithir's ghost, journeyman GnWn


Innate Abilities, Weirdness & Mutations

Your experience applies equally to all skills.
You have very sharp teeth.
Your uncanny sense of smell can sniff out nearby items.


Message History

The meliai invokes the aid of its god against you.
Something smites you!
The meliai mumbles some strange prayers to its god against you.
Something smites you!
* * * LOW HITPOINT WARNING * * *
The meliai calls down the wrath of its god upon you.
Something smites you!
* * * LOW HITPOINT WARNING * * *
Casting: Throw Flame (safe; 1% risk of failure)
Confirm with . or Enter, or press ? or * to list all spells.
You blink.
Casting: Blink (safe; 1% risk of failure)
Confirm with . or Enter, or press ? or * to list all spells.
You blink.
Casting: Blink (safe; 1% risk of failure)
Confirm with . or Enter, or press ? or * to list all spells.
You blink.
The meliai mumbles some strange prayers to its god against you.
Something smites you!
You die...

#.. ..# #.. ..
#.# ..#
#########.###
###.......§...#
#...@........##
#............#
##.....y....##
###...#§y###
#####.## #.y#
..## #####..###
#......[.##


You could see 2 meliai.

Vanquished Creatures
  Josephine (D:12)
  A rakshasa (D:13)
  4 vault guards (D:13)
  A hydra (D:13)
  2 centaur warriors
  2 two-headed ogres (D:9)
  A queen ant (D:9)
  2 orc knights (D:13)
  An ugly thing (D:11)
  An orc sorcerer (D:13)
  2 cyclopes (D:12)
  A manticore (D:12)
  A centaur zombie (D:12)
  3 gargoyles (D:13)
  Joseph (D:8)
  A centaur skeleton (D:13)
  2 guardian mummies (D:11)
  A tengu conjurer (D:13)
  A queen bee (D:11)
  3 trolls
  A hornet (D:10)
  3 hippogriffs
  A shadow (D:11)
  5 wraiths
  A vampire (D:10)
  A basilisk (D:11)
  2 humans
  6 yaks
  4 hogs (D:7)
  Menkaure (D:7)
  8 swamp worms (D:10)
  20 soldier ants (D:9)
  2 water moccasins
  A porcupine (D:9)
  2 ice beasts
  15 orc warriors
  3 sky beasts
  3 black bears
  2 eyes of draining
  5 ogres
  2 phantoms
  6 centaurs
  A necrophage (D:13)
  A crocodile (D:9)
  3 big kobolds
  6 bullfrogs
  A wyvern zombie (D:13)
  6 scorpions
  A water moccasin skeleton (D:4)
  30 killer bees
  10 wights
  10 howler monkeys
  4 crimson imps
  3 quasits
  2 bullfrog zombies
  A jelly (D:11)
  11 orc priests
  5 hounds
  An iron imp (D:8)
  4 bullfrog skeletons
  2 iguanas
  Natasha (thrice) (D:2)
  9 orc wizards
  29 worker ants
  2 killer bee zombies
  A hound zombie (D:9)
  A hound skeleton (D:7)
  A worker ant zombie (D:11)
  A howler monkey skeleton (D:4)
  A howler monkey zombie (D:7)
  6 gnolls
  10 adders
  3 shadow imps
  6 oozes
  2 worms
  3 leopard geckos
  58 orcs
  10 giant cockroaches
  6 goblins
  7 hobgoblins
  5 jackals
  27 kobolds
  5 quokkas
  6 ball pythons
  3 bats
  5 frilled lizards
  A goblin zombie (D:8)
  3 hobgoblin zombies (D:8)
  A jackal zombie (D:6)
  A kobold skeleton (D:8)
  An orc zombie (D:8)
  A quokka skeleton (D:8)
  10 rats
  A plant (D:9)
457 creatures vanquished.

Vanquished Creatures (collateral kills)
  Sigmund (D:3)
  The ghost of Tallim the Chopper, an amateur HOMo (D:4)
  Terence (D:2)
  An orc wizard (D:8)
  A gnoll (D:2)
  A goblin (D:3)
  A goblin skeleton (D:8)
  A hobgoblin zombie (D:8)
8 creatures vanquished.

Vanquished Creatures (others)
  A wraith (D:12)
  4 centaurs
  A scorpion (D:8)
  A hound (D:12)
  An orc wizard (D:13)
  40 fungi (D:9)
  18 plants
66 creatures vanquished.

Grand Total: 531 creatures vanquished

Notes
Turn   | Place    | Note
-------+----------+-------------------------------------------
     0 | D:1      | Laiders72 the Gnoll Wizard began the quest for the Orb.
     0 | D:1      | Reached XP level 1. HP: 13/13 MP: 8/8
    87 | D:1      | Reached XP level 2. HP: 19/19 MP: 7/10
   797 | D:1      | Reached XP level 3. HP: 25/25 MP: 8/11
  1144 | D:2      | Learned a level 2 spell: Blink
  1147 | D:2      | Learned a level 2 spell: Call Imp
  1151 | D:2      | Learned a level 3 spell: Conjure Flame
  1155 | D:2      | Learned a level 3 spell: Mephitic Cloud
  1261 | D:2      | Reached skill level 1 in Invocations
  1272 | D:2      | Noticed Natasha
  1279 | D:2      | Killed Natasha
  1279 | D:2      | Reached skill level 1 in Fighting
  1279 | D:2      | Reached skill level 1 in Short Blades
  1279 | D:2      | Reached skill level 1 in Long Blades
  1279 | D:2      | Reached skill level 1 in Axes
  1279 | D:2      | Reached skill level 1 in Maces & Flails
  1279 | D:2      | Reached skill level 1 in Polearms
  1279 | D:2      | Reached skill level 1 in Staves
  1279 | D:2      | Reached skill level 1 in Slings
  1279 | D:2      | Reached skill level 1 in Bows
  1279 | D:2      | Reached skill level 1 in Crossbows
  1279 | D:2      | Reached skill level 1 in Throwing
  1279 | D:2      | Reached skill level 1 in Armour
  1279 | D:2      | Reached skill level 1 in Shields
  1279 | D:2      | Reached skill level 1 in Unarmed Combat
  1279 | D:2      | Reached skill level 1 in Evocations
  1279 | D:2      | Reached XP level 4. HP: 32/32 MP: 1/13
  1279 | D:2      | Noticed Natasha
  1286 | D:2      | Killed Natasha
  1504 | D:2      | Noticed Natasha
  1513 | D:2      | Killed Natasha
  1513 | D:2      | Reached skill level 1 in Hexes
  1513 | D:2      | Reached skill level 1 in Charms
  1513 | D:2      | Reached skill level 1 in Necromancy
  1513 | D:2      | Reached skill level 1 in Transmutations
  1513 | D:2      | Reached skill level 1 in Fire Magic
  1513 | D:2      | Reached skill level 1 in Ice Magic
  1513 | D:2      | Reached skill level 1 in Air Magic
  1513 | D:2      | Reached skill level 1 in Earth Magic
  1513 | D:2      | Reached skill level 1 in Poison Magic
  1513 | D:2      | Reached XP level 5. HP: 32/37 MP: 4/14
  1544 | D:2      | Noticed Terence
  1759 | D:2      | Found a burning altar of Makhleb.
  2018 | D:2      | Killed Terence
  2242 | D:3      | Noticed Sigmund
  2261 | D:3      | Killed Sigmund
  2261 | D:3      | Reached XP level 6. HP: 39/44 MP: 1/16
  2570 | D:3      | Found a glowing drain.
  2591 | Sewer    | Entered a sewer
  3054 | Sewer    | Reached skill level 5 in Dodging
  3791 | D:4      | Upgraded the game from 0.22-a0-482-g76e0a5f to 0.22-a0-512-g0943f25
  3963 | D:4      | Reached XP level 7. HP: 50/50 MP: 12/18
  3990 | D:4      | Got a sheer robe
  4000 | D:4      | Identified the +2 robe of Leapfrog {rN+ Dex+2} (You found it on level 4 of the Dungeon)
  4037 | D:4      | Noticed Tallim's ghost (amateur HOMo)
  4064 | D:4      | Killed Tallim's ghost
  4211 | D:4      | Found a sparkling altar of Nemelex Xobeh.
  4351 | D:4      | Found a snail-covered altar of Cheibriados.
  4617 | D:4      | Learned a level 2 spell: Throw Flame
  4640 | D:5      | Entered Level 5 of the Dungeon
  4752 | D:5      | Reached skill level 5 in Stealth
  5198 | D:6      | Reached XP level 8. HP: 57/57 MP: 8/19
  6105 | D:6      | Found a bloodstained altar of Trog.
  6182 | D:6      | Found a hide-covered altar of Uskayaw.
  6183 | D:6      | Found a glowing silver altar of Zin.
  6497 | D:7      | Noticed Menkaure
  6516 | D:7      | Killed Menkaure
  6516 | D:7      | Reached skill level 8 in Spellcasting
  6888 | D:7      | Noticed a hippogriff
  6906 | D:7      | Killed a hippogriff
  7033 | D:7      | Reached XP level 9. HP: 65/65 MP: 11/21
  7641 | D:7      | Found a staircase to the Ecumenical Temple.
  8255 | D:7      | Reached skill level 5 in Invocations
  8367 | D:7      | Found a transporter.
  8463 | D:7      | Found a transporter.
  8545 | Temple   | Entered the Ecumenical Temple
  8761 | Temple   | Became a worshipper of Sif Muna the Loreminder
  8883 | D:8      | Reached XP level 10. HP: 60/73 MP: 5/22
  9162 | D:8      | Found Izurch's Gadget Boutique.
  9366 | D:8      | Found a glowing golden altar of the Shining One.
  9643 | D:8      | Noticed Joseph
  9658 | D:8      | Killed Joseph
  9658 | D:8      | Reached skill level 5 in Fighting
  9658 | D:8      | Reached skill level 5 in Short Blades
  9658 | D:8      | Reached skill level 5 in Long Blades
  9658 | D:8      | Reached skill level 5 in Axes
  9658 | D:8      | Reached skill level 5 in Maces & Flails
  9658 | D:8      | Reached skill level 5 in Polearms
  9658 | D:8      | Reached skill level 5 in Staves
  9658 | D:8      | Reached skill level 5 in Slings
  9658 | D:8      | Reached skill level 5 in Bows
  9658 | D:8      | Reached skill level 5 in Crossbows
  9658 | D:8      | Reached skill level 5 in Throwing
  9658 | D:8      | Reached skill level 5 in Armour
  9658 | D:8      | Reached skill level 5 in Shields
  9658 | D:8      | Reached skill level 5 in Unarmed Combat
  9658 | D:8      | Reached skill level 5 in Evocations
  9836 | D:8      | Found a radiant altar of Vehumet.
 10168 | D:9      | Reached * piety under Sif Muna
 10383 | D:9      | Reached skill level 9 in Spellcasting
 10504 | D:9      | Reached skill level 5 in Conjurations
 10504 | D:9      | Reached skill level 5 in Summonings
 10504 | D:9      | Reached skill level 5 in Translocations
 10655 | D:9      | Noticed a queen ant
 10743 | D:9      | Found a staircase to the Lair.
 11191 | D:9      | Killed a queen ant
 11191 | D:9      | Reached XP level 11. HP: 70/81 MP: 13/24
 11917 | D:9      | Reached ** piety under Sif Muna
 11917 | D:9      | Reached skill level 5 in Hexes
 11917 | D:9      | Reached skill level 5 in Charms
 11917 | D:9      | Reached skill level 5 in Necromancy
 11917 | D:9      | Reached skill level 5 in Transmutations
 11917 | D:9      | Reached skill level 5 in Fire Magic
 11917 | D:9      | Reached skill level 5 in Ice Magic
 11917 | D:9      | Reached skill level 5 in Air Magic
 11917 | D:9      | Reached skill level 5 in Earth Magic
 11917 | D:9      | Reached skill level 5 in Poison Magic
 12422 | D:9      | Found a shattered altar of Ashenzari.
 12673 | D:9      | Noticed a two-headed ogre
 12689 | D:9      | Killed a two-headed ogre
 12908 | D:9      | Noticed a two-headed ogre
 12927 | D:9      | Killed a two-headed ogre
 13234 | D:9      | Learned a level 4 spell: Sticky Flame
 13339 | D:10     | Entered Level 10 of the Dungeon
 13800 | D:10     | Found a staircase to the Orcish Mines.
 15816 | D:11     | Reached XP level 12. HP: 89/89 MP: 10/25
 16474 | D:11     | Noticed a centaur warrior
 16487 | D:11     | Killed a centaur warrior
 16487 | D:11     | Reached *** piety under Sif Muna
 16487 | D:11     | Reached skill level 10 in Spellcasting
 17040 | D:11     | Found a portal to a secret trove of treasure.
 18739 | D:12     | Noticed Josephine
 18796 | D:12     | Killed Josephine
 19077 | D:12     | Found a runed gate.
 19077 | D:12     | Found a runed gate.
 19077 | D:12     | Found a runed gate.
 19079 | D:12     | Noticed Qithir's ghost (journeyman GnWn)
 19859 | D:12     | Learned a level 1 spell: Summon Small Mammal
 19865 | D:12     | Learned a level 5 spell: Fireball
 19871 | D:12     | Learned a level 5 spell: Irradiate
 20114 | D:13     | Noticed a rakshasa
 20242 | D:13     | Killed a rakshasa
 20254 | D:13     | Noticed a four-headed hydra
 20536 | D:13     | Killed a four-headed hydra
 20638 | D:13     | Noticed a centaur warrior
 20647 | D:13     | Killed a centaur warrior
 20647 | D:13     | Reached XP level 13. HP: 59/97 MP: 12/27
 20856 | D:13     | Found a roughly hewn altar of Beogh.
 21466 | D:13     | Noticed a vault guard
 21965 | D:13     | Noticed a vault guard
 21969 | D:13     | Noticed a vault guard
 21985 | D:13     | Noticed a vault guard
 22035 | D:13     | Killed a vault guard
 22035 | D:13     | Reached **** piety under Sif Muna
 22380 | D:13     | Killed a vault guard
 22726 | D:13     | Found a roughly hewn altar of Beogh.
 23592 | D:13     | Killed a vault guard
 23788 | D:13     | Found a gate to the Vaults.
 23812 | D:13     | Killed a vault guard
 24179 | D:14     | Killed from afar by a meliai

Vault maps used:
D:1:      shiori_arrival_oz
D:2:      overflow_temple_1_default, first_ration, uniq_terence, uniq_natasha
D:3:      gup_sewer_entry_bubbles, fountainhead, uniq_sigmund
D:4:      grunt_temple_overflow_open
D:6:      minitemple
D:7:      gammafunk_cloud_chamber, minmay_temple_entry_fiery, grunt_livestock,
          uniq_menkaure
D:8:      nicolae_tso_besieged_by_evil, nicolae_overflow_crystal_walls,
          serial_shops, nicolae_shop_waterfront, uniq_joseph
D:9:      kennysheep_mini_moat, due_lair_maze_entry_diamond, minivault_29
D:10:     orc_0_dummy, kennysheep_small_spiral, worms_lemuel
D:11:     nicolae_trove_entry_path_of_doom
D:12:     gammafunk_ghost_necromancy, lemuel_flamethrower_2, uniq_josephine
D:13:     grunt_vaults_entry_fortified, special_room, minmay_misc_feat_columns,
          stair_cage_line, david_defended_altar_orc
D:14:     kennysheep_decorative_pillar, uniq_azrael
Temple:   nicolae_temple_figure_eight
Sewer:    sewer_co_15_rooms

Skill      XL: |  1  2  3  4  5  6  7  8  9 10 11 12 13 |
---------------+----------------------------------------+-----
Conjurations   | 2 3 4 5 6 7 |  7.2
Summonings     | 2 3 4 5 6 7 |  7.2
Translocations | 2 3 4 5 6 7 |  7.2
Invocations    | 1 2 3 4 5 6 7 8 9 |  9.0
Fighting       | 1 2 3 4 5 6 7 8 |  8.2
Short Blades   | 1 2 3 4 5 6 7 8 |  8.2
Long Blades    | 1 2 3 4 5 6 7 8 |  8.2
Axes           | 1 2 3 4 5 6 7 8 |  8.2
Maces & Flails | 1 2 3 4 5 6 7 8 |  8.2
Polearms       | 1 2 3 4 5 6 7 8 |  8.2
Staves         | 1 2 3 4 5 6 7 8 |  8.2
Slings         | 1 2 3 4 5 6 7 8 |  8.2
Bows           | 1 2 3 4 5 6 7 8 |  8.2
Crossbows      | 1 2 3 4 5 6 7 8 |  8.2
Throwing       | 1 2 3 4 5 6 7 8 |  8.2
Armour         | 1 2 3 4 5 6 7 8 |  8.2
Shields        | 1 2 3 4 5 6 7 8 |  8.2
Unarmed Combat | 1 2 3 4 5 6 7 8 |  8.2
Evocations     | 1 2 3 4 5 6 7 8 |  8.2
Hexes          | 1 2 3 4 5 6 |  6.8
Charms         | 1 2 3 4 5 6 |  6.8
Necromancy     | 1 2 3 4 5 6 |  6.8
Transmutations | 1 2 3 4 5 6 |  6.8
Fire Magic     | 1 2 3 4 5 6 |  6.8
Ice Magic      | 1 2 3 4 5 6 |  6.8
Air Magic      | 1 2 3 4 5 6 |  6.8
Earth Magic    | 1 2 3 4 5 6 |  6.8
Poison Magic   | 1 2 3 4 5 6 |  6.8
Dodging        | 5 6 7 8 9 |  9.4
Stealth        | 5 6 7 8 9 |  9.3
Spellcasting   | 8 9 10 | 10.8

Action                   |  1- 3 |  4- 6 |  7- 9 | 10-12 | 13-15 || total
-------------------------+-------+-------+-------+-------+-------++-------
Melee: Unarmed           |     2 |       |       |       |       ||     2
       Bite              |     1 |     1 |    17 |    64 |    10 ||    93
       Short sword       |     1 |    41 |   213 |   260 |       ||   515
       Punch             |       |     1 |       |       |       ||     1
       Staff             |       |       |       |   292 |   113 ||   405
 Cast: Magic Dart        |    69 |   128 |    49 |    11 |       ||   257
       Mephitic Cloud    |     1 |     6 |     2 |     9 |     1 ||    19
       Call Imp          |       |    10 |    11 |    18 |       ||    39
       Blink             |       |     3 |     4 |    29 |     7 ||    43
       Throw Flame       |       |       |   170 |   418 |   137 ||   725
       Conjure Flame     |       |       |     2 |     3 |     1 ||     6
       Sticky Flame      |       |       |       |    89 |    26 ||   115
       Fireball          |       |       |       |     7 |    19 ||    26
       Summon Small Mamm |       |       |       |       |     5 ||     5
Invok: Divine Energy     |       |       |       |     1 |       ||     1
       Channel Magic     |       |       |       |     1 |     1 ||     2
  Use: Scroll            |     3 |     8 |     8 |     7 |     1 ||    27
       Potion            |       |     1 |       |     5 |     1 ||     7
 Stab: Sleeping          |       |     2 |       |     2 |     1 ||     5
       Confused          |       |       |       |     2 |       ||     2
       Distracted        |       |       |       |     1 |       ||     1
  Eat: Chunk             |     1 |     8 |    11 |    20 |    10 ||    50
       Ration            |       |       |     1 |     6 |     1 ||     8
Armor: Robe              |     1 |     6 |    21 |    82 |     8 ||   118
       Skin              |       |     7 |       |       |       ||     7
Dodge: Dodged            |     8 |    60 |   199 |   534 |   143 ||   944
Block: Other             |     1 |    24 |    19 |       |       ||    44
       Reflection        |       |     4 |     4 |    26 |    22 ||    56
       Buckler           |       |       |   120 |   472 |   128 ||   720

Table legend:
 A = Spawn XP
 B = Non-spawn XP
 C = Spawn XP percentage of total XP
 D = Spawn monster count
 E = Non-spawn monster count
 F = Spawn count percentage of total count
 G = Total turns spent on level
                    A         B        C        D         E        F      G
               +---------+---------+-------+---------+---------+-------+---------
         Total |       0 |   43665 |   0.0 |       0 |     469 |   0.0 | 24179
               +---------+---------+-------+---------+---------+-------+---------
           D:1 |       0 |      37 |   0.0 |       0 |      19 |   0.0 |  1140
           D:2 |       0 |     183 |   0.0 |       0 |      17 |   0.0 |  1012
           D:3 |       0 |     180 |   0.0 |       0 |      21 |   0.0 |   913
           D:4 |       0 |     471 |   0.0 |       0 |      15 |   0.0 |   951
           D:5 |       0 |     169 |   0.0 |       0 |      14 |   0.0 |   469
           D:6 |       0 |     763 |   0.0 |       0 |      21 |   0.0 |  1515
           D:7 |       0 |    2394 |   0.0 |       0 |      40 |   0.0 |  2064
           D:8 |       0 |    1480 |   0.0 |       0 |      29 |   0.0 |  1036
           D:9 |       0 |    8171 |   0.0 |       0 |      65 |   0.0 |  3823
          D:10 |       0 |    3628 |   0.0 |       0 |      33 |   0.0 |  1831
          D:11 |       0 |    6195 |   0.0 |       0 |      58 |   0.0 |  2616
          D:12 |       0 |    5093 |   0.0 |       0 |      46 |   0.0 |  1936
          D:13 |       0 |   14831 |   0.0 |       0 |      70 |   0.0 |  3968
         Sewer |       0 |      70 |   0.0 |       0 |      21 |   0.0 |   624
               +---------+---------+-------+---------+---------+-------+---------
